 Dungeon Crawl Stone Soup version 0.28-b1-25-g9875b3fc8c (webtiles) character file.

Game seed: 11640379716922232035

32 cayde69 the Cudgeller (level 3, 23/23 HPs)
             Began as a Gargoyle Monk on Jan 31, 2022.
             Was a Believer of Dithmenos.
             Quit the game on level 2 of the Dungeon.
             The game lasted 00:04:16 (754 turns).

cayde69 the Cudgeller (Gargoyle Monk)                Turns: 754, Time: 00:04:17

Health: 23/23      AC: 12    Str: 16    XL:     3   Next: 27%
Magic:  3/3        EV:  6    Int: 10    God:    Dithmenos [**....]
Gold:   61         SH:  3    Dex: 12    Spells: 2/2 levels left

rFire   . . .      SeeInvis .   i - +1 whip (flame)
rCold   . . .      Faith    .   e - +0 buckler
rNeg    + . .      Spirit   .   h - +0 chain mail
rPois   ∞          Reflect  .   (no helmet)
rElec   +          Harm     .   (no cloak)
rCorr   .          Rampage  .   (no gloves)
Will    .....                   g - +0 pair of boots
Stlth   ..........              (no amulet)
HPRegen 0.07/turn               (no ring)
MPRegen 0.08/turn               (no ring)

@: wreathed by umbra
A: sickness immunity, AC +3, negative energy resistance 1, electricity
resistance, torment resistance 1, petrification resistance
a: Renounce Religion, Shadow Step


You were on level 2 of the Dungeon.
You worshipped Dithmenos.
Dithmenos was pleased with you.
You visited 1 branch of the dungeon, and saw 2 of its levels.

You collected 61 gold pieces.

Inventory:

Hand Weapons
 a - a +0 mace
 d - a +0 dagger of protection
 i - a +1 whip of flaming (weapon)
Armour
 b - a +0 robe
 e - a +0 buckler (worn)
 g - a +0 pair of boots (worn)
 h - a +0 chain mail (worn)
Scrolls
 c - a scroll of fog {unknown}
 j - a scroll of fear {unknown}
 l - 2 scrolls of identify {unknown}
Potions
 f - a potion of flight {unknown}
 k - a potion of degeneration {unknown}


   Skills:
 + Level 3.5 Fighting
 * Level 3.9 Maces & Flails
 * Level 1.1 Armour
 - Level 2.4 Dodging
 - Level 2.1 Stealth


You had 2 spell levels left.
You didn't know any spells.
Your spell library was empty.

Dungeon Overview and Level Annotations

Branches:
Dungeon (1/15)

Altars:
Dithmenos


Innate Abilities, Weirdness & Mutations

You are immune to sickness and miasma.
Your stone body is resilient. (AC +3)
You are immune to poison.
You resist negative energy. (rN+)
You are resistant to electric shocks. (rElec)
You are resistant to unholy torment.
You are immune to petrification.


Message History

The hobgoblin hits you but does no damage. x2
You hit the hobgoblin but do no damage. You block the hobgoblin's attack.
You barely miss the hobgoblin. You hit the hobgoblin. You burn the hobgoblin.
You kill the hobgoblin!
No target in view!
No target in view!
Things that are here:
a +0 dagger; a goblin corpse
Found 16 stones.
You see here a hobgoblin corpse.
k - a bubbling coppery potion
l - a scroll labelled VAUN TINON
l - 2 scrolls labelled VAUN TINON (gained 1) 2 jackals come into view.
Found 24 stones.
A sourceless malevolence fills the Dungeon...
You fall into a shaft and drop 1 floor!
The shaft crumbles and collapses.
A bat comes into view.
The bat barely misses you. The bat barely misses you.
The bat barely misses you. The bat hits you but does no damage.
The bat hits you but does no damage. You block the bat's attack.
The bat hits you but does no damage.
You hit the bat. You burn the bat.
You kill the bat!
No target in view!
No target in view!
Found a faded altar of an unknown god.
No target in view!
No target in view!
There is a faded altar of an unknown god here.
You cannot tell which god this altar belongs to.
Convert to them anyway?
Dithmenos accepts your prayer! Dithmenos welcomes you!
You are shrouded in an aura of darkness!
You can now step into the shadows of nearby creatures.
Are you sure you want to abandon this character and quit the game? (Confirm with "yes".)

.......##.........†..
#....................
#....................
#....................
#...........#####....
#...........# #....
#...........# #....
#...........# #....
#...@.......# #....
#...........# #....
#...........# #....
############# #####


There were no monsters in sight!

Vanquished Creatures
  A dart slug (D:1)
  An endoplasm (D:1)
  2 giant cockroaches (D:1)
  4 goblins (D:1)
  4 hobgoblins (D:1)
  2 jackals (D:1)
  2 quokkas (D:1)
  3 ball pythons (D:1)
  2 bats
  5 kobolds (D:1)
  A rat (D:1)
27 creatures vanquished.

Vanquished Creatures (others)
  4 toadstools (D:1)
4 creatures vanquished.

Grand Total: 31 creatures vanquished

Notes
Turn   | Place    | Note
-------+----------+-------------------------------------------
     0 | D:1      | cayde69 the Gargoyle Monk began the quest for the Orb.
     0 | D:1      | Reached XP level 1. HP: 14/14 MP: 1/1
   236 | D:1      | Reached XP level 2. HP: 19/19 MP: 2/2
   538 | D:1      | Reached skill level 1 in Armour
   587 | D:1      | Reached XP level 3. HP: 23/23 MP: 3/3
   731 | D:1      | You fall into a shaft and drop 1 floor!
   745 | D:2      | Found a faded altar of an unknown god.
   753 | D:2      | Prayed at the altar of an unknown god.
   753 | D:2      | Became a worshipper of Dithmenos the Shadowed
   753 | D:2      | Reached * piety under Dithmenos
   753 | D:2      | Reached ** piety under Dithmenos
   754 | D:2      | Quit the game

Illustrated notes

Levels and vault maps discovered:
D:1:      ldierk_water_garden, layout_basic, grunt_decor_clamped
D:2:      layout_basic, basic_ecumenical_altar, basic_altar, uniq_sigmund

Skill      XL: |  1  2 |
---------------+-------+-----
Armour         | 1 |  1.1
Fighting       | |  3.5
Maces & Flails | |  3.9
Dodging        | |  2.4
Stealth        | |  2.1

Action                   || total
-------------------------++-------
Melee: Mace              ||    50
       Whip              ||    25
Armor: Robe              ||    17
       Chain mail        ||    23
Dodge: Dodged            ||    41
Block: Buckler           ||     9
